 Dungeon Sprint DCSS version 0.23.1 (webtiles) character file.

Game seed: 12427963253300394163

3831 wilfster70 the Covert (level 10, 65/82 HPs)
             Began as a Gnoll Enchanter on Mar 8, 2019.
             Was a Priest of Wu Jian.
             Quit the game in the Dungeon (Sprint I: "Red Sonja").
             The game lasted 00:05:42 (815 turns).

wilfster70 the Covert (Gnoll Enchanter)              Turns: 815, Time: 00:05:42

Health: 65/82      AC:  6    Str: 10    XL:     10   Next: 18%
Magic:  23/23      EV: 18    Int: 21    God:    Wu Jian [***...]
Gold:   549        SH:  0    Dex: 14    Spells: 22/28 levels left

rFire    . . .     SeeInvis .   a - +1 dagger
rCold    . . .     Gourm    .   (no shield)
rNeg     + . .     Faith    .   s - +1 robe of Ogedod {rElec rN+ rCorr Dex-2}
rPois    .         Spirit   .   k - +0 helmet
rElec    +         Reflect  .   o - +0 cloak
rCorr    +         Harm     .   (no gloves)
MR       .....     NoTele   +   (no boots)
Stlth    ++++......             (no amulet)
HPRegen  0.23/turn              (no ring)
MPRegen  0.18/turn              (no ring)

@: no status effects
A: distributed training, fangs 1, strong nose
a: Wall Jump, Serpent's Lash, Renounce Religion


You were in the Dungeon.
You worshipped Wu Jian.
Wu Jian was most pleased with you.
You were not hungry.

You visited 1 branch You collected 954 gold pieces.
You spent 405 gold pieces at shops.

Inventory:

Hand Weapons
 a - a +1 dagger (weapon)
 p - a +0 blowgun
Missiles
 q - 5 curare-tipped needles
Armour
 k - a +0 helmet (worn)
 o - a +0 cloak (worn)
 s - the +1 robe of Ogedod (worn) {rElec rN+ rCorr Dex-2}
   (You bought it in a shop in the Dungeon)

   It affects your dexterity (-2).
   It insulates you from electricity.
   It protects you from negative energy.
   It provides partial protection from all sources of acid and corrosion.
 u - a +1 cloak of magic resistance
Wands
 c - a wand of random effects (24)
Scrolls
 j - a scroll of blinking
 m - a scroll of enchant armour {unknown}
 n - a scroll of remove curse {unknown}
 r - 3 scrolls of identify {unknown}
Potions
 b - a potion of brilliance {unknown}
 e - 3 potions of curing
 f - a potion of heal wounds
 g - a potion of haste
 h - 2 potions of magic
 i - a potion of berserk rage
 l - 2 potions of might {unknown}
Comestibles
 d - a ration
 t - 6 chunks of flesh


   Skills:
 + Level 8.4 Fighting
 + Level 8.9 Short Blades
 + Level 8.4 Long Blades
 + Level 8.4 Axes
 + Level 8.4 Maces & Flails
 + Level 8.4 Polearms
 + Level 8.4 Staves
 + Level 8.4 Slings
 + Level 8.4 Bows
 + Level 8.4 Crossbows
 + Level 8.4 Throwing
 + Level 8.4 Armour
 + Level 9.6 Dodging
 + Level 10.3 Stealth
 + Level 8.4 Shields
 + Level 8.4 Unarmed Combat
 + Level 9.8 Spellcasting
 + Level 7.0 Conjurations
 + Level 9.0 Hexes
 + Level 7.0 Charms
 + Level 7.0 Summonings
 + Level 7.0 Necromancy
 + Level 7.0 Translocations
 + Level 7.0 Transmutations
 + Level 7.0 Fire Magic
 + Level 7.0 Ice Magic
 + Level 7.0 Air Magic
 + Level 7.0 Earth Magic
 + Level 7.0 Poison Magic
 + Level 9.2 Invocations
 + Level 8.4 Evocations


You had 22 spell levels left.
You knew the following spells:

 Your Spells              Type           Power        Failure   Level  Hunger
a - Corona                Hex            #####..      1%          1    None
b - Ensorcelled Hibernat  Hex/Ice        #####.       1%          2    None
c - Confuse               Hex            #####...     1%          3    None

Your spell library contained the following spells:

 Spells                   Type           Power        Failure   Level  Hunger
 Dazzling Spray           Conj/Hex       #####.       1%          3    None
 Tukima's Dance           Hex            #####...     1%          3    None


Dungeon Overview and Level Annotations

Branches:
Dungeon (1/1)

Altars:
Cheibriados
Dithmenos
Elyvilon
Fedhas
Gozag
Hepliaklqana
Kikubaaqudgha
Okawaru
Qazlal
Ru
Sif Muna
Trog
Uskayaw
Vehumet
Wu Jian
Yredelemnul
Zin
The Shining One

Shops:
D }}?[[**=([[[(*[[}


Innate Abilities, Weirdness & Mutations

Your experience applies equally to all skills.
You have very sharp teeth.
Your uncanny sense of smell can sniff out nearby items.


Message History

The jelly is moderately wounded.
You hit the jelly.
Your hands burn!
You punch the jelly. You bite the jelly, but do no damage.
The jelly is severely wounded.
The jelly misses you.
Found Tulu's General Store.
There is an entrance to Wenn's Antique Weapon Boutique here.
Found Niwkeffank's Armour Boutique and Edghuank's Armour Shoppe.
There is an entrance to Qesoddy's Antique Armour Shoppe here.
Found Suden's Magic Scroll Shop.
There is an entrance to Zauguir's Armour Shop here.
There is an entrance to Yffoth's Antique Armour Emporium here.
There is an entrance to Etzom's Antique Weapon Boutique here.
There is an entrance to Xouzas's Jewellery Shoppe here.
There is an entrance to Miuprez's Assorted Antiques here.
There is an entrance to Tulu's General Store here.
The jelly jiggles.
There is an entrance to Niwkeffank's Armour Boutique here.
There is an entrance to Edghuank's Armour Shoppe here.
Are you sure you want to abandon this character and quit the game? (Confirm with "yes".)

#.....#+..######§#∆∆
#.)...#........#§#
#######.......#'§#∆∆
∆nn(.......§####∆
∆n$.......{≈# ∆∆∆
......nJJ≈## ∆∆
#..≈≈Jn### ∆
###+######'### ∆∆∆∆
#∩@########∩∩#
##∩Jn∩∩∩∩∩∩∩##
############ ∆


You could see a necrophage and a jelly.

Vanquished Creatures
  2 centaur warriors (D)
  Sonja (D)
  A deep troll (D)
  An oklob plant (D)
  A hornet (D)
  Sigmund (D)
  2 redbacks (D)
  A yak (D)
  A floating eye (D)
  An ogre (D)
  A jelly (D)
  Ijyb (D)
  2 ballistomycetes (D)
  A ballistomycete spore (D)
17 creatures vanquished.

Vanquished Creatures (others)
  A ballistomycete spore (D)
1 creature vanquished.

Grand Total: 18 creatures vanquished

Notes
Turn   | Place    | Note
-------+----------+-------------------------------------------
     0 | D        | wilfster70 the Gnoll Enchanter began the quest for the Orb.
     0 | D        | Reached XP level 1. HP: 13/13 MP: 6/6
     1 | D        | Noticed Ijyb
     9 | D        | Killed Ijyb
     9 | D        | Reached skill level 1 in Fighting
     9 | D        | Reached skill level 1 in Long Blades
     9 | D        | Reached skill level 1 in Axes
     9 | D        | Reached skill level 1 in Maces & Flails
     9 | D        | Reached skill level 1 in Polearms
     9 | D        | Reached skill level 1 in Staves
     9 | D        | Reached skill level 1 in Slings
     9 | D        | Reached skill level 1 in Bows
     9 | D        | Reached skill level 1 in Crossbows
     9 | D        | Reached skill level 1 in Throwing
     9 | D        | Reached skill level 1 in Armour
     9 | D        | Reached skill level 6 in Stealth
     9 | D        | Reached skill level 1 in Shields
     9 | D        | Reached skill level 1 in Unarmed Combat
     9 | D        | Reached skill level 5 in Spellcasting
     9 | D        | Reached skill level 1 in Conjurations
     9 | D        | Reached skill level 1 in Charms
     9 | D        | Reached skill level 1 in Summonings
     9 | D        | Reached skill level 1 in Necromancy
     9 | D        | Reached skill level 1 in Translocations
     9 | D        | Reached skill level 1 in Transmutations
     9 | D        | Reached skill level 1 in Fire Magic
     9 | D        | Reached skill level 1 in Ice Magic
     9 | D        | Reached skill level 1 in Air Magic
     9 | D        | Reached skill level 1 in Earth Magic
     9 | D        | Reached skill level 1 in Poison Magic
     9 | D        | Reached skill level 1 in Evocations
     9 | D        | Reached XP level 2. HP: 12/22 MP: 8/8
     9 | D        | Reached XP level 3. HP: 15/27 MP: 9/9
    13 | D        | Learned a level 2 spell: Ensorcelled Hibernation
    17 | D        | Learned a level 3 spell: Confuse
   142 | D        | Noticed an ogre
   145 | D        | Killed an ogre
   145 | D        | Reached skill level 5 in Dodging
   145 | D        | Reached XP level 4. HP: 35/35 MP: 9/11
   175 | D        | Noticed Sigmund
   179 | D        | Killed Sigmund
   179 | D        | Reached skill level 5 in Short Blades
   179 | D        | Reached skill level 7 in Stealth
   179 | D        | Reached XP level 5. HP: 42/42 MP: 10/14
   179 | D        | Reached XP level 6. HP: 48/48 MP: 10/15
   225 | D        | Found a deep blue altar of Sif Muna.
   226 | D        | Found an ornate altar of the Wu Jian Council.
   227 | D        | Found a radiant altar of Vehumet.
   243 | D        | Found Setz's Gadget Emporium.
   243 | D        | Found an ancient bone altar of Kikubaaqudgha.
   243 | D        | Found a hazy altar of Hepliaklqana.
   243 | D        | Found a stormy altar of Qazlal.
   243 | D        | Found a hide-covered altar of Uskayaw.
   243 | D        | Found a blossoming altar of Fedhas.
   243 | D        | Found a bloodstained altar of Trog.
   243 | D        | Found an iron altar of Okawaru.
   243 | D        | Found a basalt altar of Yredelemnul.
   243 | D        | Found a glowing golden altar of the Shining One.
   243 | D        | Found a snail-covered altar of Cheibriados.
   243 | D        | Found a sacrificial altar of Ru.
   243 | D        | Found a glowing silver altar of Zin.
   243 | D        | Found a shadowy altar of Dithmenos.
   243 | D        | Found a white marble altar of Elyvilon.
   243 | D        | Noticed a yak
   245 | D        | Killed a yak
   245 | D        | Reached skill level 5 in Fighting
   245 | D        | Reached skill level 5 in Long Blades
   245 | D        | Reached skill level 5 in Axes
   245 | D        | Reached skill level 5 in Maces & Flails
   245 | D        | Reached skill level 5 in Polearms
   245 | D        | Reached skill level 5 in Staves
   245 | D        | Reached skill level 5 in Slings
   245 | D        | Reached skill level 5 in Bows
   245 | D        | Reached skill level 5 in Crossbows
   245 | D        | Reached skill level 5 in Throwing
   245 | D        | Reached skill level 5 in Armour
   245 | D        | Reached skill level 5 in Shields
   245 | D        | Reached skill level 5 in Unarmed Combat
   245 | D        | Reached skill level 5 in Invocations
   245 | D        | Reached skill level 5 in Evocations
   245 | D        | Reached XP level 7. HP: 56/56 MP: 9/17
   246 | D        | Found an opulent altar of Gozag.
   250 | D        | Became a worshipper of the Wu Jian Council
   311 | D        | Noticed Sonja
   314 | D        | Killed Sonja
   314 | D        | Reached skill level 8 in Stealth
   314 | D        | Reached skill level 5 in Conjurations
   314 | D        | Reached skill level 5 in Charms
   314 | D        | Reached skill level 5 in Summonings
   314 | D        | Reached skill level 5 in Necromancy
   314 | D        | Reached skill level 5 in Translocations
   314 | D        | Reached skill level 5 in Transmutations
   314 | D        | Reached skill level 5 in Fire Magic
   314 | D        | Reached skill level 5 in Ice Magic
   314 | D        | Reached skill level 5 in Air Magic
   314 | D        | Reached skill level 5 in Earth Magic
   314 | D        | Reached skill level 5 in Poison Magic
   314 | D        | Reached XP level 8. HP: 64/64 MP: 18/20
   331 | D        | Found Zaos's Gadget Boutique.
   339 | D        | Noticed a deep troll
   342 | D        | Killed a deep troll
   342 | D        | Reached skill level 9 in Stealth
   349 | D        | Found Wicommor's Armour Emporium.
   354 | D        | Bought the +1 robe of Ogedod {rElec rN+ rCorr Dex-2} for
                  | 278 gold pieces
   721 | D        | Noticed a centaur warrior
   723 | D        | Noticed a centaur warrior
   724 | D        | Killed a centaur warrior
   724 | D        | Reached * piety under Wu Jian
   724 | D        | Reached XP level 9. HP: 72/72 MP: 20/22
   725 | D        | Killed a centaur warrior
   747 | D        | Noticed a hornet
   749 | D        | Killed a hornet
   749 | D        | Reached ** piety under Wu Jian
   749 | D        | Reached skill level 10 in Stealth
   760 | D        | Noticed an oklob plant
   762 | D        | Killed an oklob plant
   762 | D        | Reached XP level 10. HP: 80/80 MP: 23/23
   793 | D        | Reached *** piety under Wu Jian
   801 | D        | Found Forecviga's General Store.
   801 | D        | Found Cuotesh's Gadget Emporium.
   801 | D        | Found Maykkatz's Antique Armour Emporium.
   803 | D        | Found Wenn's Antique Weapon Boutique.
   803 | D        | Found Qesoddy's Antique Armour Shoppe.
   803 | D        | Found Zauguir's Armour Shop.
   803 | D        | Found Yffoth's Antique Armour Emporium.
   803 | D        | Found Etzom's Antique Weapon Boutique.
   803 | D        | Found Xouzas's Jewellery Shoppe.
   803 | D        | Found Miuprez's Assorted Antiques.
   805 | D        | Bought a runed cloak for 127 gold pieces
   805 | D        | Found Tulu's General Store.
   806 | D        | Found Niwkeffank's Armour Boutique.
   806 | D        | Found Edghuank's Armour Shoppe.
   807 | D        | Found Suden's Magic Scroll Shop.
   815 | D        | Quit the game

Skill      XL: |  1  2  3  4  5  6  7  8  9 10 |
---------------+-------------------------------+-----
Fighting       | 1 3 4 5 6 7 8 |  8.4
Short Blades   | 3 4 5 6 7 8 |  8.9
Long Blades    | 1 3 4 5 6 7 8 |  8.4
Axes           | 1 3 4 5 6 7 8 |  8.4
Maces & Flails | 1 3 4 5 6 7 8 |  8.4
Polearms       | 1 3 4 5 6 7 8 |  8.4
Staves         | 1 3 4 5 6 7 8 |  8.4
Slings         | 1 3 4 5 6 7 8 |  8.4
Bows           | 1 3 4 5 6 7 8 |  8.4
Crossbows      | 1 3 4 5 6 7 8 |  8.4
Throwing       | 1 3 4 5 6 7 8 |  8.4
Armour         | 1 3 4 5 6 7 8 |  8.4
Stealth        | 6 7 8 9 10 | 10.3
Shields        | 1 3 4 5 6 7 8 |  8.4
Unarmed Combat | 1 3 4 5 6 7 8 |  8.4
Spellcasting   | 5 6 7 8 9 |  9.8
Conjurations   | 1 2 3 4 5 6 7 |  7.0
Charms         | 1 2 3 4 5 6 7 |  7.0
Summonings     | 1 2 3 4 5 6 7 |  7.0
Necromancy     | 1 2 3 4 5 6 7 |  7.0
Translocations | 1 2 3 4 5 6 7 |  7.0
Transmutations | 1 2 3 4 5 6 7 |  7.0
Fire Magic     | 1 2 3 4 5 6 7 |  7.0
Ice Magic      | 1 2 3 4 5 6 7 |  7.0
Air Magic      | 1 2 3 4 5 6 7 |  7.0
Earth Magic    | 1 2 3 4 5 6 7 |  7.0
Poison Magic   | 1 2 3 4 5 6 7 |  7.0
Invocations    | 2 3 4 5 6 8 9 |  9.2
Evocations     | 1 3 4 5 6 7 8 |  8.4
Dodging        | 5 6 7 8 9 |  9.6
Hexes          | 6 7 8 9 |  9.0

Action                   |  1- 3 |  4- 6 |  7- 9 | 10-12 || total
-------------------------+-------+-------+-------+-------++-------
Melee: Dagger            |     7 |     3 |    32 |     9 ||    51
       Bite              |       |       |     5 |     1 ||     6
       Punch             |       |       |     1 |     1 ||     2
 Cast: Ensorcelled Hiber |       |     5 |     1 |     2 ||     8
Invok: Lunge             |       |       |     4 |     1 ||     5
       Whirlwind         |       |       |       |     2 ||     2
 Stab: Sleeping          |     2 |     3 |     7 |     3 ||    15
Armor: Robe              |       |       |       |     2 ||     2
Dodge: Dodged            |     1 |     1 |       |     6 ||     8
